[ PARTIDA AOE2 · #482996812 ]
1v1 RMFrancos vs Byzantines
Equipo del jugador · VICT
Equipo rival · DERR
[ ANÁLISIS DE REPETICIÓN · EXTRAÍDO DE LA PARTIDA GRABADA ]
Feudal
10:59
Castillos
17:54
Imperial
28:38
| APM promedio | 43.8 |
| APM pico | 87 |
| eAPM promedio | 20.2 |
| Aldeanos / militares | 84 / 337 |
Foco
⚔️ 48.0% · 🌾 52.0%
Spearman ×177 · Knight ×150 · Trebuchet (Packed) ×9 · Monk ×1
Feudal
12:11
Castillos
15:42
Imperial
30:02
| APM promedio | 34.5 |
| APM pico | 85 |
| eAPM promedio | 25.3 |
| Aldeanos / militares | 151 / 733 |
Foco
⚔️ 37.6% · 🌾 62.4%
Spearman ×557 · Cataphract ×128 · Hand Cannoneer ×17 · Trebuchet (Packed) ×13 · Camel Scout ×9 · Mangonel ×5
Mapa de la partida
Recursos iniciales + cada clic de construcción. Líneas = muros · curvas = relieve. ◆ oro · ⬟ piedra · ● bayas · ✦ reliquia · ◌ hueco del cierre
Tu base· ✓ Cerrada en 17:54 · 0t muro · 2 puerta(s)
Base de zAK-47· ✓ Cerrada en 15:42 · 0t muro · 2 puerta(s)
Terreno inicial suavizado · ◌ = hueco del cierre detectado · pasá el cursor para detalles
Inputs por minuto
— Khan - - zAK-47
Build order — Khan
Primeras 150 de 536 acciones detectadas
| 0:01 | Crear | Villager (Male) |
| 0:02 | Construir | House |
| 0:04 | Construir | House |
| 0:18 | Crear | Villager (Male) |
| 0:38 | Crear | Villager (Male) |
| 1:04 | Crear | Villager (Male) |
| 1:32 | Crear | Villager (Male) |
| 1:50 | Construir | Lumber Camp |
| 1:54 | Crear | Villager (Male) |
| 2:30 | Crear | Villager (Male) |
| 3:01 | Crear | Villager (Male) |
| 3:28 | Construir | House |
| 3:35 | Crear | Villager (Male) |
| 4:04 | Crear | Villager (Male) |
| 4:33 | Crear | Villager (Male) |
| 4:38 | Construir | Mill |
| 4:53 | Crear | Villager (Male) |
| 5:18 | Crear | Villager (Male) |
| 5:40 | Crear | Villager (Male) |
| 5:44 | Construir | House |
| 6:05 | Crear | Villager (Male) |
| 6:18 | Crear | Villager (Male) |
| 6:41 | Crear | Villager (Male) |
| 7:29 | Construir | Farm |
| 7:31 | Construir | Farm |
| 7:33 | Construir | Farm |
| 7:35 | Construir | Farm |
| 7:53 | Construir | Farm |
| 8:02 | Construir | Farm |
| 8:49 | Investigar | Feudal Age |
| 10:19 | Construir | House |
| 10:33 | Construir | Farm |
| 10:59 | Edad | Edad Feudal |
| 11:00 | Investigar | Double-Bit Axe |
| 11:01 | Crear | Villager (Male) |
| 11:02 | Crear | Villager (Male) |
| 11:30 | Construir | Barracks |
| 11:41 | Construir | Mining Camp |
| 11:43 | Crear | Villager (Male) |
| 12:06 | Crear | Villager (Male) |
| 12:34 | Construir | Stable |
| 12:39 | Crear | Villager (Male) |
| 12:46 | Construir | Farm |
| 12:49 | Construir | Farm |
| 12:51 | Construir | Farm |
| 12:53 | Construir | Farm |
| 13:03 | Crear | Villager (Male) |
| 13:06 | Investigar | Wheelbarrow |
| 13:49 | Construir | Blacksmith |
| 14:23 | Construir | House |
| 15:14 | Investigar | Castle Age |
| 15:50 | Construir | Mining Camp |
| 16:04 | Construir | Farm |
| 16:24 | Investigar | Stone Mining |
| 16:26 | Investigar | Gold Mining |
| 17:15 | Crear | Villager (Male) |
| 17:50 | Crear | Villager (Male) |
| 17:54 | Edad | Edad de los Castillos |
| 17:55 | Investigar | Bow Saw |
| 18:39 | Construir | Town Center |
| 18:43 | Crear | Villager (Male) |
| 19:01 | Investigar | Gold Shaft Mining |
| 19:03 | Investigar | Husbandry |
| 19:14 | Crear | Villager (Male) |
| 19:15 | Crear | Villager (Male) |
| 19:43 | Crear | Villager (Male) |
| 20:11 | Crear | Villager (Male) |
| 20:11 | Crear | Villager (Male) |
| 20:33 | Investigar | Hand Cart |
| 20:44 | Crear | Villager (Male) |
| 20:45 | Crear | Villager (Male) |
| 20:55 | Crear | Villager (Male) |
| 21:02 | Construir | Stable |
| 21:10 | Construir | Farm |
| 21:15 | Crear | Villager (Male) |
| 21:29 | Construir | Farm |
| 21:31 | Crear | Villager (Male) |
| 21:46 | Crear | Villager (Male) |
| 21:51 | Crear | Villager (Male) |
| 21:51 | Crear | Villager (Male) |
| 21:55 | Construir | Farm |
| 21:58 | Construir | Farm |
| 22:11 | Construir | House |
| 22:18 | Crear | Villager (Male) |
| 22:48 | Construir | Castle |
| 22:55 | Construir | Farm |
| 22:56 | Construir | Farm |
| 23:01 | Construir | Farm |
| 23:03 | Crear | Villager (Male) |
| 23:03 | Crear | Villager (Male) |
| 23:06 | Crear | Villager (Male) |
| 23:06 | Crear | Villager (Male) |
| 23:23 | Construir | Monastery |
| 23:30 | Crear | Villager (Male) |
| 23:48 | Crear | Villager (Male) |
| 23:49 | Crear | Villager (Male) |
| 24:00 | Construir | House |
| 24:02 | Construir | House |
| 24:24 | Construir | Mining Camp |
| 24:31 | Crear | Villager (Male) |
| 24:31 | Crear | Villager (Male) |
| 24:51 | Crear | Monk |
| 25:18 | Construir | Mill |
| 25:28 | Investigar | Imperial Age |
| 25:38 | Crear | Villager (Male) |
| 26:02 | Investigar | Pikeman (upgrade) |
| 26:25 | Crear | Villager (Male) |
| 26:26 | Crear | Villager (Male) |
| 26:35 | Construir | Mining Camp |
| 26:44 | Crear | Knight |
| 26:45 | Crear | Knight |
| 27:02 | Construir | Farm |
| 27:09 | Investigar | Scale Barding Armor |
| 27:09 | Investigar | Forging |
| 27:22 | Construir | Lumber Camp |
| 27:31 | Construir | Farm |
| 27:33 | Crear | Villager (Male) |
| 27:36 | Crear | Villager (Male) |
| 28:00 | Crear | Villager (Male) |
| 28:06 | Construir | Farm |
| 28:38 | Edad | Edad Imperial |
| 28:41 | Crear | Villager (Male) |
| 28:41 | Crear | Villager (Male) |
| 28:49 | Crear | Villager (Male) |
| 29:02 | Investigar | Cavalier (upgrade) |
| 29:06 | Crear | Trebuchet (Packed) |
| 29:09 | Crear | Trebuchet (Packed) |
| 29:17 | Construir | Farm |
| 29:28 | Construir | Barracks |
| 29:39 | Crear | Knight |
| 29:47 | Crear | Villager (Male) |
| 29:48 | Crear | Villager (Male) |
| 30:14 | Crear | Villager (Male) |
| 30:15 | Crear | Villager (Male) |
| 30:18 | Construir | Farm |
| 30:20 | Construir | Farm |
| 30:24 | Crear | Villager (Male) |
| 30:25 | Crear | Villager (Male) |
| 31:01 | Investigar | Paladin (upgrade) |
| 31:07 | Crear | Knight |
| 31:08 | Crear | Knight |
| 31:20 | Crear | Villager (Male) |
| 31:20 | Crear | Villager (Male) |
| 31:21 | Crear | Villager (Male) |
| 31:21 | Crear | Villager (Male) |
| 31:35 | Construir | Mining Camp |
| 31:55 | Construir | House |
| 31:56 | Construir | House |
| 31:57 | Construir | House |
| 31:59 | Construir | House |
Build order — zAK-47
Primeras 150 de 531 acciones detectadas
| 0:00 | Crear | Villager (Male) |
| 0:00 | Crear | Villager (Male) |
| 0:00 | Crear | Villager (Male) |
| 0:02 | Construir | House |
| 0:02 | Construir | House |
| 0:03 | Crear | Villager (Male) |
| 0:03 | Crear | Villager (Male) |
| 1:22 | Crear | Villager (Male) |
| 1:44 | Crear | Villager (Male) |
| 1:48 | Construir | Lumber Camp |
| 2:06 | Crear | Villager (Male) |
| 2:34 | Crear | Villager (Male) |
| 2:35 | Crear | Villager (Male) |
| 3:02 | Construir | House |
| 3:03 | Construir | House |
| 3:05 | Construir | House |
| 3:13 | Construir | House |
| 3:18 | Crear | Villager (Male) |
| 3:19 | Crear | Villager (Male) |
| 3:34 | Crear | Villager (Male) |
| 3:56 | Crear | Villager (Male) |
| 3:57 | Crear | Villager (Male) |
| 4:10 | Crear | Villager (Male) |
| 4:10 | Crear | Villager (Male) |
| 4:33 | Crear | Villager (Male) |
| 4:33 | Crear | Villager (Male) |
| 5:05 | Crear | Villager (Male) |
| 5:05 | Crear | Villager (Male) |
| 5:05 | Crear | Villager (Male) |
| 5:10 | Construir | Mill |
| 5:36 | Crear | Villager (Male) |
| 5:41 | Crear | Villager (Male) |
| 5:41 | Crear | Villager (Male) |
| 6:36 | Crear | Villager (Male) |
| 6:36 | Crear | Villager (Male) |
| 6:37 | Crear | Villager (Male) |
| 6:37 | Crear | Villager (Male) |
| 6:41 | Crear | Villager (Male) |
| 6:56 | Construir | Mill |
| 7:04 | Crear | Villager (Male) |
| 7:14 | Crear | Villager (Male) |
| 7:30 | Crear | Villager (Male) |
| 7:31 | Crear | Villager (Male) |
| 7:41 | Crear | Villager (Male) |
| 9:00 | Construir | Farm |
| 9:00 | Construir | Farm |
| 9:00 | Construir | Farm |
| 9:20 | Construir | Mining Camp |
| 10:02 | Investigar | Feudal Age |
| 10:36 | Crear | Villager (Male) |
| 10:36 | Crear | Villager (Male) |
| 10:55 | Construir | Lumber Camp |
| 11:19 | Crear | Villager (Male) |
| 11:20 | Crear | Villager (Male) |
| 12:11 | Edad | Edad Feudal |
| 12:17 | Construir | Market |
| 12:21 | Construir | Blacksmith |
| 12:27 | Investigar | Horse Collar |
| 12:57 | Investigar | Castle Age |
| 12:58 | Investigar | Castle Age |
| 13:09 | Construir | Farm |
| 13:19 | Investigar | Double-Bit Axe |
| 13:58 | Construir | House |
| 13:59 | Construir | House |
| 14:01 | Construir | House |
| 14:17 | Crear | Villager (Male) |
| 14:17 | Crear | Villager (Male) |
| 14:17 | Crear | Villager (Male) |
| 14:27 | Construir | Farm |
| 15:15 | Crear | Villager (Male) |
| 15:42 | Edad | Edad de los Castillos |
| 15:44 | Construir | Town Center |
| 15:50 | Construir | Town Center |
| 15:56 | Investigar | Heavy Plow |
| 15:58 | Investigar | Bow Saw |
| 17:12 | Crear | Villager (Male) |
| 17:12 | Crear | Villager (Male) |
| 17:12 | Crear | Villager (Male) |
| 17:13 | Crear | Villager (Male) |
| 17:13 | Crear | Villager (Male) |
| 17:13 | Crear | Villager (Male) |
| 17:29 | Crear | Villager (Male) |
| 17:48 | Crear | Villager (Male) |
| 17:48 | Crear | Villager (Male) |
| 17:54 | Construir | Monastery |
| 17:56 | Construir | Farm |
| 18:08 | Construir | Farm |
| 18:08 | Construir | Farm |
| 18:08 | Construir | Farm |
| 18:08 | Construir | Farm |
| 18:09 | Construir | Farm |
| 18:09 | Construir | Farm |
| 18:09 | Construir | Farm |
| 18:09 | Construir | Farm |
| 18:15 | Crear | Villager (Male) |
| 18:17 | Construir | Farm |
| 18:17 | Construir | Farm |
| 18:18 | Construir | Farm |
| 18:18 | Construir | Farm |
| 18:18 | Construir | Farm |
| 18:28 | Crear | Monk |
| 18:29 | Crear | Monk |
| 18:46 | Crear | Villager (Male) |
| 18:48 | Crear | Villager (Male) |
| 18:55 | Construir | Farm |
| 18:55 | Construir | Farm |
| 19:07 | Construir | Farm |
| 19:16 | Crear | Villager (Male) |
| 19:20 | Crear | Villager (Male) |
| 19:28 | Construir | Town Center |
| 19:44 | Construir | Farm |
| 19:44 | Crear | Villager (Male) |
| 19:44 | Crear | Villager (Male) |
| 19:47 | Crear | Villager (Male) |
| 19:47 | Crear | Villager (Male) |
| 19:53 | Crear | Villager (Male) |
| 19:53 | Crear | Villager (Male) |
| 20:00 | Construir | Barracks |
| 20:01 | Crear | Villager (Male) |
| 20:01 | Crear | Villager (Male) |
| 20:04 | Crear | Villager (Male) |
| 20:04 | Crear | Villager (Male) |
| 20:08 | Construir | Farm |
| 20:22 | Crear | Villager (Male) |
| 20:22 | Crear | Villager (Male) |
| 20:29 | Crear | Villager (Male) |
| 20:29 | Crear | Villager (Male) |
| 20:32 | Construir | Farm |
| 20:32 | Crear | Villager (Male) |
| 20:40 | Construir | House |
| 20:47 | Construir | Farm |
| 20:47 | Crear | Villager (Male) |
| 20:47 | Crear | Villager (Male) |
| 20:48 | Crear | Villager (Male) |
| 21:05 | Construir | House |
| 21:07 | Construir | House |
| 21:09 | Construir | House |
| 21:10 | Construir | House |
| 21:11 | Construir | House |
| 21:12 | Construir | House |
| 21:13 | Construir | House |
| 21:14 | Construir | House |
| 21:17 | Crear | Villager (Male) |
| 21:17 | Crear | Villager (Male) |
| 21:17 | Crear | Villager (Male) |
| 21:18 | Crear | Villager (Male) |
| 21:18 | Crear | Villager (Male) |
| 21:18 | Crear | Villager (Male) |
| 21:19 | Crear | Villager (Male) |
| 21:23 | Construir | Farm |
Cronología de la partida
| 10:59 | Khan · age_up feudal |
| 11:30 | Khan · first_building Barracks |
| 12:11 | zAK-47 · age_up feudal |
| 12:34 | Khan · first_building Stable |
| 15:42 | zAK-47 · age_up castle |
| 17:54 | zAK-47 · first_building Monastery |
| 17:54 | Khan · age_up castle |
| 19:24 | zAK-47 · first_market_buy 100 stone |
| 20:00 | zAK-47 · first_building Barracks |
| 22:48 | Khan · first_building Castle |
| 23:23 | Khan · first_building Monastery |
| 25:29 | zAK-47 · first_building Stable |
| 26:31 | zAK-47 · first_building Castle |
| 27:39 | zAK-47 · first_building Archery Range |
| 28:38 | Khan · age_up imperial |
| 30:02 | zAK-47 · age_up imperial |
| 33:38 | zAK-47 · first_market_sell 100 wood |
| 36:42 | zAK-47 · first_building Siege Workshop |
| 59:21 | zAK-47 · resign |
[ ANÁLISIS IA · 1 CRÉDITO ]
¿Qué pasó realmente en esta partida?
Wolo.gg analiza cada decisión: build order, eco, micro, errores típicos por bracket. Análisis personalizado por WhatsApp o Discord en 30 segundos.
Guía civ
Francos
Guía mapa
Arena
Perfil
Khan